NCAA
CREIGHTON BLUE JAYS @ VIRGINIA CAVALIERS
05/12/2027
 
TOP OF THE 1ST
Creighton Blue Jays batting - Pitching for Virginia Cavaliers : RHP Michael Waller
Pitching: RHP Michael Waller
Batting: LHB Marcos Torres 0-0: Ball
1-0: Foul Ball, location: 2F
1-1: Called Strike
1-2: Ball
2-2: Fly out, F9 (Line Drive, 9)
Batting: LHB Pedro Oropesa 0-0: Called Strike
0-1: Called Strike
0-2: Ball
1-2: Strikes out looking
Batting: RHB Terry Collins 0-0: Foul Ball, location: 2F
0-1: Called Strike
0-2: Strikes out swinging
Top of the 1st over - 0 run(s), 0 hit(s), 0 error(s), 0 left on base; Creighton 0 - Virginia 0
BOTTOM OF THE 1ST
Virginia Cavaliers batting - Pitching for Creighton Blue Jays : LHP Peter Turner
Pitching: LHP Peter Turner
Batting: LHB Randy Pérez 0-0: Ball
1-0: Called Strike
1-1: SINGLE (Groundball, 56) (infield hit)
Batting: RHB Mark Whiffen Pickoff Throw to First - Error! E1
Randy Pérez to second
0-0: Called Strike
0-1: DOUBLE (Line Drive, 8LD)
Randy Pérez scores
Batting: RHB Bartolo Reyes 0-0: Ball
1-0: Foul Ball, location: 2F
1-1: Called Strike
1-2: Ball
2-2: Foul Ball, location: 2F
2-2: Foul Ball, location: 2F
2-2: Ball
3-2: SINGLE (Groundball, 56S) (infield hit)
Mark Whiffen to third
Batting: SHB Walton Locke 0-0: Foul Ball, location: 2F
0-1: Ball
Wild Pitch!
Mark Whiffen scores
Bartolo Reyes to second
1-1: Swinging Strike
1-2: Ball
2-2: Fly out, F7 (Flyball, 78D)
Batting: RHB Pat McDonald 0-0: Ball
1-0: Called Strike
1-1: Ball
2-1: Ball
3-1: Foul Ball, location: 2F
3-2: Foul Ball, location: 2F
3-2: SINGLE (Line Drive, 4D)
Bartolo Reyes to third
Runner from 3rd tries for Home, SAFE, no throw
Batting: RHB Eric Barthorpe 0-0: Foul Ball, location: 2F
0-1: Fly out, F9 (Flyball, 9LS)
Batting: LHB Brett Anderson 0-0: Called Strike
0-1: Ball
1-1: Swinging Strike
1-2: Foul Ball, location: 2F
1-2: Ball
2-2: SINGLE (Groundball, 23) (infield hit)
Pat McDonald to second
Batting: LHB Pablo Espinoza 0-0: Ball
1-0: Called Strike
1-1: Foul Ball, location: 2F
1-2: Foul Ball, location: 2F
1-2: Fly out, F7 (Flyball, 7)
Bottom of the 1st over - 3 run(s), 5 hit(s), 1 error(s), 2 left on base; Creighton 0 - Virginia 3
TOP OF THE 2ND
Creighton Blue Jays batting - Pitching for Virginia Cavaliers : RHP Michael Waller
Batting: LHB Brady Phillips 0-0: Ground out 5-3 (Groundball, 5)
Batting: LHB Rob Johnstone 0-0: Called Strike
0-1: Ball
1-1: Swinging Strike
1-2: Strikes out looking
Batting: LHB Steve Edwards 0-0: SINGLE (Line Drive, 8LS)
Batting: RHB Matt Cole 0-0: Ball
Steve Edwards steals 2nd base
1-0: Called Strike
1-1: Swinging Strike
1-2: Ground out 5-3 (Groundball, 56)
Top of the 2nd over - 0 run(s), 1 hit(s), 0 error(s), 1 left on base; Creighton 0 - Virginia 3
BOTTOM OF THE 2ND
Virginia Cavaliers batting - Pitching for Creighton Blue Jays : LHP Peter Turner
Batting: RHB Jonathan Reynolds 0-0: Ball
1-0: Fly out, F4 (Popup, 34D)
Batting: LHB Randy Pérez 0-0: Ball
1-0: Called Strike
1-1: Foul Ball, location: 2F
1-2: Ball
2-2: Fly out, F1 (Line Drive, 13S)
Batting: RHB Mark Whiffen 0-0: Ball
1-0: Swinging Strike
1-1: Ball
2-1: Swinging Strike
2-2: Foul Ball, location: 2F
2-2: Ball
3-2: SINGLE (Groundball, 34D)
Batting: RHB Bartolo Reyes 0-0: Ball
1-0: Called Strike
1-1: Ball
2-1: Called Strike
2-2: Ground out 5-3 (Groundball, 5S)
Bottom of the 2nd over - 0 run(s), 1 hit(s), 0 error(s), 1 left on base; Creighton 0 - Virginia 3
TOP OF THE 3RD
Creighton Blue Jays batting - Pitching for Virginia Cavaliers : RHP Michael Waller
Batting: RHB Jaime Aguirre 0-0: Called Strike
0-1: Ball
1-1: Foul Ball, location: 2F
1-2: Foul Ball, location: 2F
1-2: Strikes out swinging
Batting: RHB Carlos Gómez 0-0: Called Strike
0-1: Ground out 4-3 (Groundball, 4)
Batting: LHB Marcos Torres 0-0: Called Strike
0-1: Ball
1-1: Foul Ball, location: 2F
1-2: Ball
2-2: Foul Ball, location: 2F
2-2: Strikes out swinging
Top of the 3rd over - 0 run(s), 0 hit(s), 0 error(s), 0 left on base; Creighton 0 - Virginia 3
BOTTOM OF THE 3RD
Virginia Cavaliers batting - Pitching for Creighton Blue Jays : LHP Peter Turner
Batting: SHB Walton Locke 0-0: Foul Ball, location: 2F
0-1: Ball
1-1: Called Strike
1-2: Strikes out swinging
Batting: RHB Pat McDonald 0-0: Ball
1-0: Called Strike
1-1: Ball
2-1: Foul Ball, location: 2F
2-2: Foul Ball, location: 2F
2-2: Foul Ball, location: 2F
2-2: Foul Ball, location: 2F
2-2: Strikes out swinging
Batting: RHB Eric Barthorpe 0-0: Ball
1-0: Ground out 6-3 (Groundball, 6M)
Bottom of the 3rd over - 0 run(s), 0 hit(s), 0 error(s), 0 left on base; Creighton 0 - Virginia 3
TOP OF THE 4TH
Creighton Blue Jays batting - Pitching for Virginia Cavaliers : RHP Michael Waller
Batting: LHB Pedro Oropesa 0-0: Called Strike
0-1: Bunt for hit - play at first, batter OUT! 1-3
Batting: RHB Terry Collins 0-0: Ball
1-0: SINGLE (Line Drive, 89M)
Batting: LHB Brady Phillips 0-0: Swinging Strike
0-1: Foul Ball, location: 2F
0-2: Grounds into double play, 4-6-3 (Groundball, 4)
Top of the 4th over - 0 run(s), 1 hit(s), 0 error(s), 0 left on base; Creighton 0 - Virginia 3
BOTTOM OF THE 4TH
Virginia Cavaliers batting - Pitching for Creighton Blue Jays : LHP Peter Turner
Batting: LHB Brett Anderson 0-0: Ball
1-0: Ball
2-0: Foul Ball, location: 2F
2-1: Swinging Strike
2-2: Strikes out swinging
Batting: LHB Pablo Espinoza 0-0: Called Strike
0-1: Foul Ball, location: 2F
0-2: Ball
1-2: Ball
2-2: Ball
3-2: SINGLE (Groundball, 34D)
Pitching: RHP Jim Lewis
Batting: RHB Jonathan Reynolds 0-0: Foul Ball, location: 2F
0-1: Ground out 6-3 (Groundball, 6S)
Pablo Espinoza to second
Batting: LHB Randy Pérez 0-0: Ground out 4-3 (Groundball, 4)
Bottom of the 4th over - 0 run(s), 1 hit(s), 0 error(s), 1 left on base; Creighton 0 - Virginia 3
TOP OF THE 5TH
Creighton Blue Jays batting - Pitching for Virginia Cavaliers : RHP Michael Waller
Batting: LHB Rob Johnstone 0-0: SINGLE (Line Drive, 4MD)
Batting: LHB Steve Edwards 0-0: Called Strike
0-1: Ball
1-1: Called Strike
Rob Johnstone steals 2nd base
1-2: Fly out, F7 (Flyball, 7LS)
Batting: RHB Matt Cole 0-0: Foul Ball, location: 2F
0-1: Foul Ball, location: 2F
0-2: Ball
1-2: Foul Ball, location: 2F
1-2: Foul Ball, location: 2F
1-2: Foul Ball, location: 2F
1-2: SINGLE (Groundball, 56D)
Rob Johnstone to third
Batting: RHB Jaime Aguirre 0-0: SINGLE (Flyball, 8RS)
Rob Johnstone scores
Matt Cole to second
Runner from 2nd tries for 3rd, SAFE, throw made to third
Batting: RHB Carlos Gómez 0-0: Foul Ball, location: 2F
0-1: Ball
Jaime Aguirre steals 2nd base
1-1: Ball
2-1: Ball
3-1: Ground out 5-3 (Groundball, 25)
Batting: LHB Marcos Torres 0-0: Ball
1-0: Ground out U3 (Groundball, 34)
Top of the 5th over - 1 run(s), 3 hit(s), 0 error(s), 2 left on base; Creighton 1 - Virginia 3
BOTTOM OF THE 5TH
Virginia Cavaliers batting - Pitching for Creighton Blue Jays : RHP Jim Lewis
Batting: RHB Mark Whiffen 0-0: Ball
1-0: Called Strike
1-1: Ball
2-1: Foul Ball, location: 2F
2-2: Fly out, F8 (Line Drive, 8LM)
Batting: RHB Bartolo Reyes 0-0: Swinging Strike
0-1: Hit by Pitch
Batting: SHB Walton Locke 0-0: Called Strike
0-1: Ball
1-1: Fly out, F6 (Popup, 6)
Batting: RHB Pat McDonald 0-0: Ball
1-0: Ball
2-0: Ball
Bartolo Reyes steals 2nd base
3-0: Called Strike
3-1: Reached on error, E5 (Groundball, 56)
Bartolo Reyes to third
Batting: RHB Eric Barthorpe 0-0: Ball
1-0: Called Strike
1-1: Ball
2-1: Swinging Strike
2-2: Foul Ball, location: 2F
2-2: Foul Ball, location: 2F
2-2: Ball
3-2: Foul Ball, location: 2F
3-2: Base on Balls
Pat McDonald to second
Batting: LHB Brett Anderson 0-0: Called Strike
0-1: Ball
1-1: Ball
2-1: Ground out U3 (Groundball, 34S)
Bottom of the 5th over - 0 run(s), 0 hit(s), 1 error(s), 3 left on base; Creighton 1 - Virginia 3
TOP OF THE 6TH
Creighton Blue Jays batting - Pitching for Virginia Cavaliers : RHP Michael Waller
Batting: LHB Pedro Oropesa 0-0: Ball
1-0: Ground out 4-3 (Groundball, 4D)
Batting: RHB Terry Collins 0-0: SINGLE (Flyball, 8LS)
Batting: LHB Brady Phillips 0-0: Fielders Choice at 2nd, 5-4 (Groundball, 56)
Batting: LHB Rob Johnstone 0-0: Ball
1-0: Fly out, F8 (Flyball, 8RD)
Top of the 6th over - 0 run(s), 1 hit(s), 0 error(s), 1 left on base; Creighton 1 - Virginia 3
BOTTOM OF THE 6TH
Virginia Cavaliers batting - Pitching for Creighton Blue Jays : RHP Jim Lewis
Batting: LHB Pablo Espinoza 0-0: Ball
1-0: Ball
2-0: Swinging Strike
2-1: Foul Ball, location: 2F
2-2: Strikes out swinging
Batting: RHB Jonathan Reynolds 0-0: Ball
1-0: Called Strike
1-1: Ball
2-1: Fly out, F7 (Flyball, 78M)
Batting: LHB Randy Pérez 0-0: Called Strike
0-1: Hit by Pitch
Batting: RHB Mark Whiffen 0-0: Fly out, F7 (Flyball, 7)
Bottom of the 6th over - 0 run(s), 0 hit(s), 0 error(s), 1 left on base; Creighton 1 - Virginia 3
TOP OF THE 7TH
Creighton Blue Jays batting - Pitching for Virginia Cavaliers : RHP Michael Waller
Batting: LHB Steve Edwards 0-0: Ball
1-0: Fly out, F9 (Flyball, 9D)
Batting: RHB Matt Cole 0-0: DOUBLE (Groundball, 5L)
Batting: RHB Jaime Aguirre 0-0: Swinging Strike
0-1: Foul Ball, location: 2F
0-2: Ball
1-2: Ball
2-2: Fly out, F9 (Line Drive, 9LS)
Batting: RHB Carlos Gómez 0-0: Called Strike
0-1: Ground out 5-3 (Groundball, 56)
Top of the 7th over - 0 run(s), 1 hit(s), 0 error(s), 1 left on base; Creighton 1 - Virginia 3
BOTTOM OF THE 7TH
Virginia Cavaliers batting - Pitching for Creighton Blue Jays : RHP Jim Lewis
Batting: RHB Bartolo Reyes 0-0: Ball
1-0: Ball
2-0: Called Strike
2-1: Foul Ball, location: 2F
2-2: Foul Ball, location: 2F
2-2: TRIPLE (Flyball, 9LD)
Batting: SHB Walton Locke 0-0: Intentional Walk
Pitching: RHP Sergio Álvarez
Batting: RHB Pat McDonald 0-0: Ball
1-0: Foul Ball, location: 2F
1-1: Foul Ball, location: 2F
1-2: Ball
2-2: Ball
3-2: Ground out 6-3 (Groundball, 6)
Walton Locke to second
Batting: RHB Eric Barthorpe 0-0: Foul Ball, location: 2F
0-1: Foul Ball, location: 2F
0-2: Foul Ball, location: 2F
0-2: Foul Ball, location: 2F
0-2: Ball
1-2: Ball
2-2: Fly out, F4 (Flyball, 34D)
Batting: LHB Brett Anderson 0-0: Ball
1-0: Called Strike
1-1: Called Strike
1-2: Strikes out swinging
Bottom of the 7th over - 0 run(s), 1 hit(s), 0 error(s), 2 left on base; Creighton 1 - Virginia 3
TOP OF THE 8TH
Creighton Blue Jays batting - Pitching for Virginia Cavaliers : RHP Michael Waller
Batting: LHB Marcos Torres 0-0: Called Strike
0-1: Ball
1-1: Ball
2-1: Swinging Strike
2-2: Ground out 6-3 (Groundball, 6)
Pitching: RHP Roland Collins
Batting: LHB Pedro Oropesa 0-0: Foul Ball, location: 2F
0-1: Foul Ball, location: 2F
0-2: Foul Ball, location: 2F
0-2: Strikes out swinging
Batting: RHB Terry Collins 0-0: Called Strike
0-1: Ball
1-1: Ball
2-1: SINGLE (Flyball, 8RS)
Pitching: LHP Bill Martin
Batting: LHB Brady Phillips 0-0: Ball
1-0: Called Strike
1-1: Foul Ball, location: 2F
1-2: Ball
2-2: Strikes out looking
Top of the 8th over - 0 run(s), 1 hit(s), 0 error(s), 1 left on base; Creighton 1 - Virginia 3
BOTTOM OF THE 8TH
Virginia Cavaliers batting - Pitching for Creighton Blue Jays : RHP Sergio Álvarez
Batting: LHB Pablo Espinoza 0-0: Foul Ball, location: 2F
0-1: Called Strike
0-2: Ball
1-2: Fly out, F6 (Popup, 4MS)
Batting: RHB Jonathan Reynolds 0-0: Foul Ball, location: 2F
0-1: Fly out, F8 (Flyball, 8LD)
Batting: LHB Randy Pérez 0-0: Called Strike
0-1: Ball
1-1: Foul Ball, location: 2F
1-2: Ball
2-2: Foul Ball, location: 2F
2-2: SINGLE (Groundball, 4D)
Batting: RHB Mark Whiffen 0-0: Ball
1-0: Swinging Strike
1-1: Foul Ball, location: 2F
1-2: Foul Ball, location: 2F
1-2: Strikes out swinging
Bottom of the 8th over - 0 run(s), 1 hit(s), 0 error(s), 1 left on base; Creighton 1 - Virginia 3
TOP OF THE 9TH
Creighton Blue Jays batting - Pitching for Virginia Cavaliers : LHP Bill Martin
Pitching: RHP Ben Ellison
Batting: LHB Rob Johnstone 0-0: Called Strike
0-1: Ball
1-1: Called Strike
1-2: Ball
2-2: Ball
3-2: Foul Ball, location: 2F
3-2: Strikes out swinging
Batting: LHB Steve Edwards 0-0: Foul Ball, location: 2F
0-1: Ball
1-1: Swinging Strike
1-2: Ball
2-2: Foul Ball, location: 2F
2-2: SINGLE (Groundball, 56D)
Batting: RHB Matt Cole 0-0: Ball
1-0: Swinging Strike
1-1: Foul Ball, location: 2F
1-2: Strikes out looking
Batting: RHB Jaime Aguirre 0-0: Ball
1-0: Ball
2-0: Fly out, F7 (Flyball, 7S)
Top of the 9th over - 0 run(s), 1 hit(s), 0 error(s), 1 left on base; Creighton 1 - Virginia 3
Thursday, March 30th, 2017 - OOTP Baseball 17.12 Build 75